 Dungeon Crawl Stone Soup version 0.30.1-9-gdf580d7c3d (webtiles) character file.

Game seed: 13664152424743052127

4816 lonewolfV2 the Fighter (level 10, -5/83 HPs)
             Began as a Demonspawn Fighter on Oct 23, 2023.
             Was an Initiate of Dithmenos.
             Slain by a steelbarb worm (shapeshifter) (9 damage)
             ... on level 8 of the Dungeon.
             The game lasted 00:16:38 (9137 turns).

lonewolfV2 the Fighter (Demonspawn Fighter)         Turns: 9137, Time: 00:16:39

Health: -5/83      AC: 18    Str: 25    XL:     10   Next: 24%
Magic:  0/10       EV:  7    Int: 12    God:    Dithmenos [......]
Gold:   444        SH:  6    Dex: 12    Spells: 9/9 levels left

rFire   + . .        a - +1 war axe (heavy)
rCold   x . .        c - +0 buckler
rNeg    . . .        v - +0 plate armour
rPois   +            g - +1 helmet
rElec   +            (no cloak)
rCorr   +            (gloves unavailable)
SInv    .            H - +0 pair of boots
Will    .....        w - amulet of faith Stlth
                     l - ring of Zum Fiddefu {rPois rC- rCorr Str+4 Int+2}
HPRegen 0.33/turn    J - ring of Recaf {rElec rF+}
MPRegen 0.24/turn

%: guardian spirit, faith
@: spiked
A: powered by pain 1, magic shield, magic regeneration, sharp scales 1, demonic
touch 3
a: Renounce Religion


You were on level 8 of the Dungeon.
You worshipped Dithmenos.
Dithmenos was noncommittal.
You visited 2 branches of the dungeon, and saw 9 of its levels.
You also visited: Sewer.

You collected 444 gold pieces.

Inventory:

Hand Weapons
 a - a +1 heavy war axe (weapon)
Armour
 b - a +0 scale mail
 c - a +0 buckler (worn)
 g - a +1 helmet (worn)
 v - a +0 plate armour (worn)
 H - a +0 pair of boots (worn)
Jewellery
 f - a ring of willpower
 i - a ring of willpower
 l - the ring of Zum Fiddefu (left hand) {rPois rC- rCorr Str+4 Int+2}
   (You acquired it on level 3 of the Dungeon)

   [ring of poison resistance]

   Str:       It affects your strength (+4).
   Int:       It affects your intelligence (+2).
   rC:        It makes you vulnerable to cold.
   rPois:     It protects you from poison.
   rCorr:     It protects you from acid and corrosion.
 p - a +4 ring of protection
 r - a ring of see invisible
 t - a ring of ice
 w - an amulet of faith (around neck)
 y - a ring of positive energy
 J - the ring of Recaf (right hand) {rElec rF+}
   (You found it on level 8 of the Dungeon)

   [ring of protection from fire]

   rF:        It protects you from fire.
   rElec:     It insulates you from electricity.
Wands
 z - a wand of light (9)
 B - a wand of flame (40)
 C - a wand of polymorph (6)
Scrolls
 j - 4 scrolls of immolation
 m - 3 scrolls of poison
 q - a scroll of blinking
 s - a scroll of amnesia
 x - a scroll of teleportation
Potions
 d - a potion of might
 e - 4 potions of curing
 h - 2 potions of lignification
 k - 3 potions of resistance
 n - a potion of haste {unknown}
 o - 2 potions of degeneration
 u - 2 potions of magic
 A - a potion of heal wounds
 D - a potion of attraction {unknown}
 E - a potion of invisibility {unknown}
 F - a potion of berserk rage {unknown}
 G - a potion of brilliance {unknown}
 I - a potion of mutation {unknown}


   Skills:
 + Level 9.2 Fighting
 - Level 3.1 Axes
 + Level 8.3 Armour
 + Level 8.4 Shields


You had 9 spell levels left.
You didn't know any spells.
Your spell library contained the following spells:

 Spells                   Type           Power      Damage    Failure   Level
 Freeze                   Ice            0%         1d3       99%         1
 Sandblast                Erth           0%         2d4       99%         1
 Passwall                 Tmut/Erth      0%         N/A       100%        2
 Frozen Ramparts          Ice            0%         1d1       100%        3
 Hailstorm                Conj/Ice       0%         3d3       100%        3
 Stone Arrow              Conj/Erth      0%         3d7       100%        3


Dungeon Overview and Level Annotations

Branches:
Dungeon (8/15)             Temple (1/1) D:7           Sewer (visited)
   Lair: D:8-11

Altars:
Cheibriados
Dithmenos
Gozag
Hepliaklqana
Kikubaaqudgha
Okawaru
Ru
Sif Muna
Uskayaw
Wu Jian
Yredelemnul

Shops:
D:6 :   D:7 (


Innate Abilities, Weirdness & Mutations

You sometimes gain a little power by taking damage.
When hurt, damage is shared between your health and your magic reserves.
You regenerate magic rapidly.
You are partially covered in razor-sharp scales. (AC +1, Slay +1)
Your touch may irresistibly damage your foes and sap their willpower.


Message History

You hit the boulder beetle but do no damage.
The boulder beetle is heavily wounded.
You closely miss the steelbarb worm. The steelbarb worm hits you!
Barbed spikes become lodged in your body.
The steelbarb worm closely misses you. The boulder beetle bites you!
The steelbarb worm hits you but does no damage.
You block the boulder beetle's attack.
You hit the boulder beetle.
The boulder beetle is severely wounded.
You slash the steelbarb worm!
The steelbarb worm hits you but does no damage.
The boulder beetle bites you but does no damage.
You block the steelbarb worm's attack.
The boulder beetle bites you but does no damage.
You slash the steelbarb worm!
The steelbarb worm is heavily wounded.
You slice the boulder beetle!!
The steelbarb worm hits you but does no damage.
You block the steelbarb worm's attack.
The boulder beetle bites you but does no damage.
You block the steelbarb worm's attack. The boulder beetle closely misses you.
You slash the steelbarb worm!
The steelbarb worm is heavily wounded.
You hit the boulder beetle but do no damage.
The steelbarb worm hits you.
Barbed spikes become lodged in your body.
The boulder beetle barely misses you. The steelbarb worm barely misses you.
The boulder beetle bites you!
You barely miss the steelbarb worm.
The steelbarb worm is heavily wounded.
You barely miss the boulder beetle. You block the steelbarb worm's attack.
The boulder beetle bites you!
* * * LOW HITPOINT WARNING * * *
The steelbarb worm hits you!
* * * LOW HITPOINT WARNING * * *
Barbed spikes become lodged in your body.
The boulder beetle bites you!
* * * LOW HITPOINT WARNING * * *
The steelbarb worm hits you!
You die...

.####.#.## ###
.#...###D## #......(..#
....##.##.###.........#
.#.##.รท.##.##.........#
..##..#..##.#.........#
.##..###..##..!.......#
##..##}##..##........[##
#..##..}##..##.w........
..##.[.##..##..B@#
.##..#8#..##..##.#
##..##...##..##.##
#..##...##..##...#
##..##)##..##.##.#
.##..###..##.## .#
..##..#..##.## .#
...##...##.## ..
#.#.##.##.## #.


You could see a boulder beetle and a steelbarb worm shaped shifter.

Vanquished Creatures
  A boulder beetle (D:7)
  A deep elf pyromancer (D:7)
  An ugly thing (D:8)
  A manticore (D:7)
  A cyclops (D:7)
  Sigmund (D:6)
  Menkaure (D:6)
  A vampire mosquito (D:8)
  An ice beast (D:7)
  2 orc warriors (D:7)
  3 ogres
  A centaur (D:7)
  4 phantoms
  A gnoll sergeant (D:4)
  4 bullfrogs
  5 scorpions
  4 hounds
  An orc priest (D:4)
  3 gnoll boudas
  A sleepcap (D:3)
  2 iguanas
  An orc wizard (D:4)
  18 gnolls
  12 adders
  A shadow imp (D:5)
  3 white imps
  An ufetubus (D:5)
  3 worms
  7 dart slugs
  10 orcs
  7 ball pythons
  3 endoplasms
  13 giant cockroaches
  2 goblins (D:1)
  9 hobgoblins
  10 jackals
  9 quokkas
  6 bats
  10 frilled lizards
  9 kobolds
  4 rats
178 creatures vanquished.

Notes
Turn   | Place    | Note
-------+----------+-------------------------------------------
     0 | D:1      | lonewolfV2 the Demonspawn Fighter began the quest for the
                  | Orb.
     0 | D:1      | Reached XP level 1. HP: 18/18 MP: 1/1
    88 | D:1      | Gained mutation: You sometimes gain a little power by
                  | taking damage. [demonic ancestry]
    88 | D:1      | Reached XP level 2. HP: 24/24 MP: 2/2
   406 | D:1      | Found a faded altar of an unknown god.
   413 | D:1      | Gained mutation: You regenerate magic rapidly. [demonic
                  | ancestry]
   413 | D:1      | Reached XP level 3. HP: 29/29 MP: 3/3
  1709 | D:2      | Gained mutation: Your touch may inflict minor irresistible
                  | damage on your foes. [demonic ancestry]
  1709 | D:2      | Reached XP level 4. HP: 35/35 MP: 4/4
  2256 | D:3      | Gained mutation: Your touch may inflict irresistible damage
                  | on your foes. [demonic ancestry]
  2256 | D:3      | Reached XP level 5. HP: 42/42 MP: 5/5
  2912 | D:3      | Identified a scroll of acquirement
  2912 | D:3      | Acquired the ring of Zum Fiddefu {rPois rC- rCorr Str+4
                  | Int+2}
  3018 | D:4      | Found a glowing drain.
  3053 | Sewer    | Entered a sewer
  3083 | Sewer    | Reached skill level 4 in Fighting
  3371 | Sewer    | Gained mutation: You are partially covered in razor-sharp
                  | scales. (AC +1, Slay +1) [demonic ancestry]
  3371 | Sewer    | Reached XP level 6. HP: 16/49 MP: 6/6
  4242 | D:4      | Reached skill level 5 in Fighting
  4242 | D:4      | Gained mutation: Your touch may irresistibly damage your
                  | foes and sap their willpower. [demonic ancestry]
  4242 | D:4      | Reached XP level 7. HP: 52/56 MP: 7/7
  5181 | D:5      | Entered Level 5 of the Dungeon
  5299 | D:5      | Reached skill level 5 in Shields
  5438 | D:5      | Reached skill level 5 in Armour
  5843 | D:5      | Reached XP level 8. HP: 53/64 MP: 8/8
  6118 | D:5      | Reached skill level 6 in Fighting
  6421 | D:6      | Noticed Menkaure
  6427 | D:6      | Killed Menkaure
  6777 | D:6      | Noticed Sigmund
  6785 | D:6      | Killed Sigmund
  6786 | D:6      | Reached skill level 7 in Fighting
  6787 | D:6      | Found Ucowyong's Book Shoppe.
  7037 | D:7      | Gained mutation: When hurt, damage is shared between your
                  | health and your magic reserves. [demonic ancestry]
  7037 | D:7      | Reached XP level 9. HP: 72/72 MP: 9/9
  7263 | D:7      | Found a staircase to the Ecumenical Temple.
  7305 | Temple   | Entered the Ecumenical Temple
  7328 | Temple   | Became a worshipper of Dithmenos the Shadowed
  7448 | D:7      | Noticed a cyclops
  7457 | D:7      | Killed a cyclops
  7467 | D:7      | Reached skill level 8 in Fighting
  7566 | D:7      | Found Oroebyh's Weapon Shop.
  7695 | D:7      | Noticed a manticore
  7708 | D:7      | Killed a manticore
  8221 | D:7      | Noticed a boulder beetle
  8221 | D:7      | Noticed a deep elf pyromancer
  8241 | D:7      | Killed a deep elf pyromancer
  8259 | D:7      | Killed a boulder beetle
  8260 | D:7      | Reached skill level 9 in Fighting
  8260 | D:7      | Reached XP level 10. HP: 27/83 MP: 7/10
  8811 | D:8      | Noticed a boulder beetle
  8821 | D:8      | Noticed a cyan ugly thing
  8837 | D:8      | Killed a cyan ugly thing
  8886 | D:8      | a basilisk changed into a black mamba
  8886 | D:8      | Noticed a black mamba (shapeshifter)
  8893 | D:8      | a black mamba changed into a guardian serpent
  8893 | D:8      | Noticed a guardian serpent (shapeshifter)
  8915 | D:8      | a guardian serpent changed into a raiju
  8946 | D:8      | a wind drake changed into a death drake
  8946 | D:8      | Noticed a death drake (shapeshifter)
  8964 | D:8      | a death drake changed into an elephant
  8964 | D:8      | Noticed an elephant (shapeshifter)
  8969 | D:8      | an elephant changed into a floating eye
  9037 | D:8      | a culicivora changed into an elephant
  9037 | D:8      | Noticed an elephant (shapeshifter)
  9049 | D:8      | an elephant changed into an eye of devastation
  9049 | D:8      | Noticed an eye of devastation (shapeshifter)
  9067 | D:8      | Identified the ring of Recaf {rElec rF+}
  9070 | D:8      | an eye of devastation changed into a steelbarb worm
  9070 | D:8      | Noticed a steelbarb worm (shapeshifter)
  9137 | D:8      | HP: 4/83 [boulder beetle (10)]
  9137 | D:8      | Slain by a steelbarb worm (shapeshifter)

Illustrated notes

Levels and vault maps discovered:
D:1:      amcnicky_arrival_choice, layout_basic,
          hellmonk_ecumenical_altar_blasted, chequers_serial_rivers_micro_c
D:2:      layout_basic
D:3:      layout_loops_ring, minmay_misc_feat_doors,
          minmay_misc_feat_more_columns, minmay_gold_behind_fungi
D:4:      layout_basic, cheibrodos_sewer_entry_sluice
D:5:      layout_basic
D:6:      layout_rooms, serial_shops, nicolae_square_shop, uniq_sigmund,
          uniq_menkaure
D:7:      layout_gridville, minmay_temple_entry_hall, serial_shops,
          nicolae_shop_tiny_glass, palyth_stone_intersect, grunt_ministairs_5,
          minmay_shattered_shrine
D:8:      layout_basic, gammafunk_temple_overflow_wave, minmay_diamond_spiral
Temple:   hc_temple_tempest_star

Skill      XL: |  1  2  3  4  5  6  7  8  9 |
---------------+----------------------------+-----
Axes           | 2 3 |  3.1
Shields        | 3 4 5 6 8 |  8.4
Armour         | 3 4 5 6 8 |  8.3
Fighting       | 4 5 7 9 |  9.2

Action                     |  1- 3 |  4- 6 |  7- 9 | 10-12 || total
---------------------------+-------+-------+-------+-------++-------
  Melee: War axe           |   104 |   251 |   191 |    23 ||   569
         Touch             |       |       |     6 |       ||     6
         Punch             |       |       |     1 |       ||     1
  Evoke: Wand              |       |       |     3 |       ||     3
    Use: Scroll            |     4 |     7 |     4 |     3 ||    18
         Potion            |       |       |     3 |     1 ||     4
   Stab: Invisible         |       |       |     1 |       ||     1
 Armour: Scale mail        |    75 |   197 |    24 |       ||   296
         Plate armour      |       |       |   179 |    24 ||   203
  Dodge: Dodged            |    67 |   142 |   132 |    11 ||   352
  Block: Buckler           |    27 |    62 |    73 |    13 ||   175
